 Dungeon Sprint DCSS version 0.28-a0-239-g68911e0c57 (webtiles) character file.

Game seed: 9264139194132846194

13429 MikeHunt the End of an Era (level 11, -3/95 HPs)
             Began as a Demonspawn Artificer on Aug 23, 2021.
             Was the Champion of Qazlal.
             Slain by a harpy (4 damage)
             ... while paralysed by a vampire knight
             ... in the Dungeon (Sprint VII: "The Pits").
             The game lasted 00:09:06 (1950 turns).

MikeHunt the End of an Era (Demonspawn Artificer)   Turns: 1950, Time: 00:09:06

Health: -3/95      AC: 20    Str: 15    XL:     11   Next: 75%
Magic:  22/22      EV:  2    Int: 12    God:    Qazlal [******]
Gold:   48         SH:  0    Dex: 15    Spells: 10/10 levels left

rFire   . . .      SeeInvis .     - Unarmed
rCold   . . .      Faith    .   (no shield)
rNeg    . . .      Spirit   .   u - +4 chain mail
rPois   .          Reflect  .   (helmet restricted)
rElec   .          Harm     .   o - scarf {+Inv}
rCorr   .          Rampage  .   (gloves unavailable)
Will    .....      NoTele   +   t - +0 pair of boots
Stlth   ..........              (no amulet)
HPRegen 0.25/turn               r - +3 ring of evasion
MPRegen 0.18/turn               s - +3 ring of evasion

@: paralysed, protected from physical damage, repel missiles
A: antennae 1, claws 3, hooves 1, foul stench 1, condensation shield
a: Renounce Religion, Evoke Invisibility, Upheaval, Elemental Force, Disaster
Area


You were in the Dungeon.
You worshipped Qazlal.
Qazlal was exalted by your worship.
You visited 1 branch You collected 48 gold pieces.

Inventory:

Hand Weapons
 a - a +0 club
 l - a +2 hand axe
 p - a +2 vorpal hand axe
Armour
 o - a scarf of invisibility (worn)
 t - a +0 pair of boots (worn)
 u - a +4 chain mail (worn)
Jewellery
 r - a +3 ring of evasion (left claw)
 s - a +3 ring of evasion (right claw)
 w - a ring of see invisible
 B - a ring of ice
Wands
 c - a wand of flame (12) (quivered)
 d - a wand of charming (15)
 g - a wand of digging (7)
Scrolls
 k - 3 scrolls of blinking
 n - a scroll of summoning
 x - 4 scrolls of enchant armour
 y - a scroll of fog
 z - 4 scrolls of fear
 A - 3 scrolls of enchant weapon
Potions
 b - a potion of flight
 f - 9 potions of curing
 h - 2 potions of haste
 i - 2 potions of magic
 j - 3 potions of berserk rage
 m - a potion of invisibility
 q - 10 potions of heal wounds
 v - a potion of resistance
Miscellaneous
 e - a piece from Xom's chessboard (15/15)


   Skills:
 + Level 11.9 Fighting
 - Level 8.3 Axes
 + Level 11.2 Armour
 + Level 11.1 Dodging
 - Level 0.8 Stealth
 + Level 13.1 Unarmed Combat
 + Level 15.9 Invocations
 + Level 5.8 Evocations


You had 10 spell levels left.
You didn't know any spells.
Your spell library was empty.

Dungeon Overview and Level Annotations

Branches:
Dungeon (1/1)

Altars:
Ashenzari
Cheibriados
Dithmenos
Elyvilon
Fedhas
Gozag
Hepliaklqana
Kikubaaqudgha
Makhleb
Nemelex Xobeh
Okawaru
Qazlal
Ru
Sif Muna
Trog
Uskayaw
Vehumet
Wu Jian
Xom
Yredelemnul
Zin
The Shining One
Beogh
Jiyva
Lugonu


Innate Abilities, Weirdness & Mutations

You have a pair of small antennae on your head.
You have claws for hands.
You have large cloven feet.
You may rarely emit foul miasma when damaged in melee.
A meltable shield of frost defends you. (SH +4)


Message History

You feel a bit more experienced.
The blast of magma engulfs the gnoll!
The gnoll is almost dead.
The blast of magma engulfs the vampire knight!!
The vampire knight partially resists.
The vampire knight is severely damaged.
You hear a screech! x2; You hear an angry hiss.
You hear a bellow!
The vampire knight casts a spell.
The vampire knight flickers and vanishes!
Deactivating autopickup; reactivate with Ctrl-A.
The harpy misses you. The harpy barely misses you.
You don't have enough magic at the moment.
Magic courses through your body.
The harpy screeches!
You hear a bellow!
You block the harpy's attack. The harpy claws you.
You hear some strange, mumbled words.
You suddenly lose the ability to move!
The harpy claws you!
You feel protected from physical attacks.
The harpy claws you!
You feel more protected from physical attacks.
You hear an angry hiss.
The harpy screeches!
The harpy claws you! The harpy claws you but does no damage.
You hear some strange, mumbled words.
You shrug off the repeated paralysis!
The harpy claws you.
* * * LOW HITPOINT WARNING * * *
You feel more protected from physical attacks.
The harpy claws you.
* * * LOW HITPOINT WARNING * * *
You feel more protected from physical attacks.
Something hits you.
* * * LOW HITPOINT WARNING * * *
Something bites you but does no damage. The harpy claws you!
* * * LOW HITPOINT WARNING * * *
You feel more protected from physical attacks.
The harpy claws you but does no damage. Something hits you!
* * * LOW HITPOINT WARNING * * *
Something bites you but does no damage. The harpy claws you.
You die...

##############
.............+
.....☼H@.○...+
######{####..#
#g#{ {#..# #c#
#..# #g# {#..# #Z#
#..# #.#{ { {
{#..#
###############..#
#
.................#


You could see a harpy, a centaur, a gnoll shaman, a gnoll (fast) and a giant
cockroach simulacrum.

Vanquished Creatures
  A shadow dragon (D)
  A boulder beetle (D)
  A death yak (D)
  2 sea snakes (D)
  A swamp dragon (D)
  A deep troll (D)
  A bog body (D)
  A wizard (D)
  2 harpies (D)
  A deep elf pyromancer (D)
  A manticore (D)
  A smoke demon (D)
  2 black mambas (D)
  A demonic crawler (D)
  An ice devil (D)
  A wandering mushroom (D)
  2 red devils (D)
  A hornet (D)
  A blink frog (D)
  A tyrant leech (D)
  A snapping turtle (D)
  A wyvern (D)
  A fire bat (D)
  7 vampire mosquitoes (D)
  Grum (D)
  A steam dragon (D)
  Edmund (D)
  An acid dragon (D)
  Duvessa (D)
  A swamp drake (D)
  A small abomination (D)
  4 wolves (D)
  A centaur (D)
  A kobold brigand (D)
  Dowan (D)
  A crimson imp (D)
  A hound (D)
  2 iron imps (D)
  Jessica (D)
  An iguana (D)
  A hell rat (D)
  A mummy (D)
  An adder (D)
  A white imp (D)
  2 ufetubi (D)
  2 adder skeletons (D)
  2 worms (D)
  2 bat skeletons (D)
  An endoplasm (D)
  2 giant cockroaches (D)
  4 jackals (D)
  A kobold (D)
  2 quokkas (D)
  A ball python (D)
  2 frilled lizards (D)
  A jackal skeleton (D)
  A rat (D)
81 creatures vanquished.

Vanquished Creatures (collateral kills)
  A death yak (D)
1 creature vanquished.

Grand Total: 82 creatures vanquished

Notes
Turn   | Place    | Note
-------+----------+-------------------------------------------
     0 | D        | MikeHunt the Demonspawn Artificer began the quest for the
                  | Orb.
     0 | D        | Reached XP level 1. HP: 15/15 MP: 1/1
    21 | D        | Found a bloodstained altar of Trog.
    21 | D        | Found a shimmering blue altar of Sif Muna.
    21 | D        | Found a viscous altar of Jiyva.
    21 | D        | Found a hazy altar of Hepliaklqana.
    21 | D        | Found an opulent altar of Gozag.
    22 | D        | Found a basalt altar of Yredelemnul.
    22 | D        | Found a shimmering altar of Xom.
    22 | D        | Found an ornate altar of the Wu Jian Council.
    22 | D        | Found a sacrificial altar of Ru.
    22 | D        | Found a stormy altar of Qazlal.
    22 | D        | Found an iron altar of Okawaru.
    22 | D        | Found a sparkling altar of Nemelex Xobeh.
    22 | D        | Found a burning altar of Makhleb.
    22 | D        | Found a blossoming altar of Fedhas.
    22 | D        | Found a shadowy altar of Dithmenos.
    22 | D        | Found a snail-covered altar of Cheibriados.
    23 | D        | Found a radiant altar of Vehumet.
    23 | D        | Found a corrupted altar of Lugonu.
    24 | D        | Found a hide-covered altar of Uskayaw.
    24 | D        | Found an ancient bone altar of Kikubaaqudgha.
    24 | D        | Found a broken altar of Ashenzari.
    27 | D        | Became a worshipper of Qazlal Stormbringer
   151 | D        | Reached skill level 1 in Axes
   151 | D        | Reached skill level 2 in Invocations
   151 | D        | Reached * piety under Qazlal
   310 | D        | Reached ** piety under Qazlal
   311 | D        | Reached skill level 3 in Invocations
   311 | D        | Gained mutation: A meltable shield of frost defends you.
                  | (SH +4) [demonic ancestry]
   311 | D        | Reached XP level 2. HP: 19/21 MP: 2/4
   337 | D        | Noticed Edmund
   345 | D        | Reached skill level 4 in Invocations
   346 | D        | Reached *** piety under Qazlal
   349 | D        | Killed Edmund
   350 | D        | Reached skill level 8 in Invocations
   350 | D        | Reached XP level 3. HP: 25/26 MP: 0/8
   350 | D        | Reached XP level 4. HP: 31/32 MP: 0/10
   474 | D        | Noticed a fire bat
   477 | D        | Reached **** piety under Qazlal
   477 | D        | Killed a fire bat
   478 | D        | Reached skill level 11 in Invocations
   478 | D        | Gained mutation: You have a pair of small antennae on your
                  | head. [demonic ancestry]
   478 | D        | Reached XP level 5. HP: 36/37 MP: 7/13
   478 | D        | Gained mutation: You have sharp fingernails. [demonic
                  | ancestry]
   478 | D        | Reached XP level 6. HP: 42/43 MP: 7/14
   504 | D        | Noticed a blink frog
   515 | D        | Killed a blink frog
   516 | D        | Reached skill level 13 in Invocations
   536 | D        | Noticed Jessica
   539 | D        | Reached ***** piety under Qazlal
   539 | D        | Killed Jessica
   540 | D        | Reached skill level 5 in Unarmed Combat
   540 | D        | Gained mutation: You have very sharp fingernails. [demonic
                  | ancestry]
   540 | D        | Reached XP level 7. HP: 43/48 MP: 12/17
   573 | D        | Noticed Duvessa
   573 | D        | Noticed Dowan
   573 | D        | Noticed a red devil
   576 | D        | Killed Duvessa
   576 | D        | Killed Dowan
   577 | D        | Reached skill level 14 in Invocations
   577 | D        | Killed a red devil
   578 | D        | Reached skill level 15 in Invocations
   578 | D        | Reached XP level 8. HP: 44/54 MP: 5/19
   760 | D        | Noticed a bog body
   766 | D        | Killed a bog body
   787 | D        | Noticed a death yak
   797 | D        | Killed a death yak
   798 | D        | Reached skill level 5 in Fighting
   798 | D        | Gained mutation: You may rarely emit foul miasma when
                  | damaged in melee. [demonic ancestry]
   798 | D        | Reached XP level 9. HP: 29/68 MP: 7/20
   991 | D        | Noticed Grum
   992 | D        | Reached ****** piety under Qazlal
   992 | D        | Killed Grum
   993 | D        | Reached skill level 10 in Unarmed Combat
  1042 | D        | Noticed a black mamba
  1050 | D        | Killed a black mamba
  1058 | D        | Noticed a swamp dragon
  1058 | D        | Noticed a sea snake
  1064 | D        | Killed a swamp dragon
  1065 | D        | Gained mutation: You have claws for hands. [demonic
                  | ancestry]
  1065 | D        | Reached XP level 10. HP: 52/81 MP: 12/21
  1068 | D        | Killed a sea snake
  1068 | D        | Noticed a deep troll
  1068 | D        | Noticed a manticore
  1070 | D        | HP: 4/82 [poisoned by a sea snake]
  1076 | D        | Noticed a deep elf pyromancer
  1080 | D        | Killed a manticore
  1080 | D        | Killed a deep troll
  1081 | D        | Killed a deep elf pyromancer
  1082 | D        | Reached skill level 10 in Fighting
  1366 | D        | Noticed a smoke demon
  1383 | D        | Killed a smoke demon
  1541 | D        | Noticed a black mamba
  1542 | D        | Noticed a death yak
  1543 | D        | Noticed a boulder beetle
  1546 | D        | Killed a black mamba
  1547 | D        | Gained mutation: You have large cloven feet. [demonic
                  | ancestry]
  1547 | D        | Reached XP level 11. HP: 73/92 MP: 14/22
  1551 | D        | Reached skill level 10 in Armour
  1551 | D        | Killed a death yak
  1552 | D        | Reached skill level 10 in Dodging
  1690 | D        | Killed a boulder beetle
  1927 | D        | Noticed a wizard
  1927 | D        | Noticed a harpy
  1928 | D        | Noticed a spriggan defender
  1929 | D        | Noticed a sea snake
  1931 | D        | Killed a harpy
  1932 | D        | Noticed a shadow dragon
  1932 | D        | Killed a wizard
  1933 | D        | Noticed a harpy
  1936 | D        | Noticed an eight-headed hydra
  1937 | D        | Killed a shadow dragon
  1937 | D        | Killed a harpy
  1938 | D        | Reached skill level 5 in Evocations
  1938 | D        | Killed a sea snake
  1941 | D        | Noticed a harpy
  1945 | D        | Noticed a vampire knight
  1947 | D        | Paralysed by something for 7 turns
  1950 | D        | HP: 1/95 [something (10)]
  1950 | D        | Slain by a harpy

Illustrated notes

Levels and vault maps discovered:
D:        pitsprint [storerooms_1, entrance_room_1, metal_vault_3, armoury_2,
          mini_pit_1, grid_room_1, main_hall_1, silver_pit, the_coven_3,
          the_vestibule_1, steel_vault_4, golden_pit, hallway_of_sentries,
          crystal_vault_4, iron_vault_4, final_vault]

Skill      XL: |  1  2  3  4  5  6  7  8  9 10 11 |
---------------+----------------------------------+-----
Axes           | 2 6 8 |  8.3
Invocations    | 3 8 11 13 15 | 15.9
Unarmed Combat | 5 7 9 10 12 13 | 13.1
Fighting       | 5 8 10 11 | 11.9
Armour         | 4 7 9 11 | 11.2
Dodging        | 4 7 9 11 | 11.1
Evocations     | 5 |  5.8
Stealth        | |  0.8

Action                   |  1- 3 |  4- 6 |  7- 9 | 10-12 || total
-------------------------+-------+-------+-------+-------++-------
Melee: Hand axe          |    22 |    16 |     9 |       ||    47
       Club              |     6 |       |       |       ||     6
       Punch             |       |       |     2 |     3 ||     5
       Unarmed           |       |       |    12 |    41 ||    53
Invok: Upheaval          |     1 |     2 |     8 |    16 ||    27
       Elemental Force   |       |       |     1 |       ||     1
       Disaster Area     |       |       |     1 |     1 ||     2
Evoke: Wand              |       |     2 |       |     1 ||     3
  Use: Potion            |     2 |       |     1 |     6 ||     9
Armor: Leather armour    |    13 |       |       |       ||    13
       Chain mail        |       |     7 |    10 |    26 ||    43
Dodge: Dodged            |    39 |     2 |     8 |    25 ||    74
       Repelled          |       |     1 |       |     1 ||     2
Block: Other             |     3 |     5 |     6 |    32 ||    46

Table legend: (Time is in decaauts)
 A = Elapsed time spent in this place.
 B = Non-inter-level travel time spent in this place.
 C = Inter-level travel time spent in this place.
 D = Time resting spent in this place.
 E = Time spent auto-exploring this place.
 F = Levels seen in this place.
 G = Mean time per level.
                   A        B        C        D        E       F      G
               +--------+--------+--------+--------+--------+-----+--------+
         Total |   1967 |   1883 |     84 |   1117 |      0 |   1 | 1967.0 |
       Dungeon |   1967 |   1883 |     84 |   1117 |      0 |   1 | 1967.0 |
               +--------+--------+--------+--------+--------+-----+--------+

Top non-repeatable levels by time:
       D: 1967 daAuts
